AoeStats
← Towernello

Yucatan

510374839Analyzed
4v4 RM · 2d ago on Sep 30, 2026· 63m 26s· 8 players
Game mode
Random Map
Map size
Large (8 player)
Population
200
Speed
Normal
Resources
Standard
Victory
Conquest
Starting age
Dark Age
Ending age
Imperial Age
RankedLock teamsTeams togetherTeam positionsShared explorationLock speedFull tech treeHidden civsTurbo modeCheats
Victory
Defeat
🇫🇷 Cumans · France
1236
+15
🇳🇱 Italians · Netherlands
1191
+17
🇩🇰 Goths · Denmark
1175
+18
🇩🇪 Britons · Germany
1162
+18
🇮🇹 Hindustanis · Italy
1324
-21
🇮🇹 Gurjaras · Italy
1219
-17
🇮🇹 Persians · Italy
1189
-16
🇮🇹 Byzantines · Italy
1147
-14
Stench_of_Evil
10:56 Feudal Age
12:19 Double-Bit Axe
16:06 Castle Age
14:04 Gold Mining
14:07 Horse Collar
17:27 Bow Saw
17:18 Heavy Plow
25:47 Stone Mining
26:59 Wheelbarrow
26:28 Loom
30:14 Imperial Age
28:00 Hand Cart
27:35 Pikeman
28:16 Squires
28:17 Scale Mail Armor
28:30 Forging
30:02 Stone Shaft Mining
29:48 Chain Mail Armor
29:19 Treadmill Crane
29:45 Anarchy
30:43 Iron Casting
31:22 Conscription
31:30 Halberdier
34:56 Chemistry
33:22 Elite Skirmisher
33:59 Elite Huskarl
34:48 Perfusion
35:01 Fletching
35:11 Padded Archer Armor
36:12 Blast Furnace
36:39 Husbandry
36:02 Light Cavalry
36:53 Bloodlines
36:40 Bodkin Arrow
37:01 Leather Archer Armor
41:52 Coinage
41:34 Guilds
41:49 Ballistics
41:26 Murder Holes
43:03 Ring Archer Armor
42:34 Bracer
44:29 Two-Man Saw
44:01 Crop Rotation
45:18 Scale Barding Armor
44:36 Hussar
45:51 Masonry
45:16 Sappers
52:36 Capped Ram
56:52 Banking
56:23 Caravan
56:47 Chain Barding Armor
55:53 Crossbowman
64:10 Architecture
Sahraoui
4:41 Loom
10:43 Feudal Age
12:09 Double-Bit Axe
15:47 Horse Collar
15:59 Fishing Lines
17:00 Wheelbarrow
23:55 Castle Age
22:56 Bloodlines
23:01 Forging
22:56 Scale Barding Armor
32:40 Imperial Age
33:04 Iron Casting
32:50 Chain Barding Armor
32:44 Elite Steppe Lancer
34:59 Blast Furnace
36:27 Pikeman
37:07 Squires
36:53 Arson
37:11 Scale Mail Armor
37:48 Plate Barding Armor
39:11 Halberdier
40:09 Chain Mail Armor
41:46 Plate Mail Armor
41:08 Fletching
41:16 Fletching
45:17 Light Cavalry
47:52 Capped Ram
48:43 Bodkin Arrow
48:49 Padded Archer Armor
49:01 Siege Ram
59:40 Cavalier
Bezerker
10:46 Feudal Age
14:37 Castle Age
12:26 Double-Bit Axe
14:12 Horse Collar
17:59 Bow Saw
20:29 Stone Mining
22:02 Loom
22:52 Wheelbarrow
24:43 Gold Mining
26:49 Stone Shaft Mining
29:49 Imperial Age
27:58 Heavy Plow
28:41 Fortified Wall
30:16 Fletching
31:39 Chemistry
32:12 Two-Man Saw
31:17 Bodkin Arrow
31:35 Padded Archer Armor
32:17 Conscription
32:25 Bracer
33:02 Leather Archer Armor
34:28 Pirotechnia
38:44 Silk Road
39:00 Hoardings
39:40 Ballistics
39:32 Masonry
39:17 Murder Holes
39:43 Bombard Tower
39:18 Pikeman
39:59 Squires
41:50 Elite Genoese Crossbowman
43:19 Caravan
44:12 Coinage
44:41 Crop Rotation
45:33 Thumb Ring
46:04 Ring Archer Armor
45:41 Scale Barding Armor
45:38 Scale Mail Armor
48:30 Banking
48:11 Guilds
48:35 Hand Cart
52:50 Chain Mail Armor
52:46 Forging
53:48 Arson
54:36 Plate Mail Armor
54:43 Iron Casting
62:03 Town Watch
Waldmann
2:17 Loom
10:51 Feudal Age
12:51 Double-Bit Axe
17:25 Castle Age
15:26 Horse Collar
15:41 Gold Mining
18:37 Heavy Plow
18:54 Bow Saw
20:13 Stone Mining
21:47 Wheelbarrow
24:19 Fletching
24:30 Padded Archer Armor
26:32 Bodkin Arrow
36:22 Leather Archer Armor
40:52 Imperial Age
39:39 Squires
39:25 Gambesons
39:26 Arson
40:03 Hand Cart
39:33 Town Watch
40:32 Ballistics
40:08 Murder Holes
41:44 Bracer
42:15 Ring Archer Armor
42:50 Chemistry
42:44 Elite Longbowman
44:08 Hoardings
45:36 Conscription
48:02 Gold Shaft Mining
48:30 Two-Man Saw
56:02 Warwolf
57:50 Pikeman
58:17 Halberdier
Towernello
8:27 Loom
11:43 Feudal Age
12:37 Double-Bit Axe
14:30 Horse Collar
17:10 Castle Age
15:35 Gold Mining
18:02 Wheelbarrow
18:03 Bow Saw
24:04 Heavy Plow
25:43 Gold Shaft Mining
25:04 Stone Mining
26:27 Hand Cart
29:05 Stone Shaft Mining
30:02 Scale Barding Armor
29:58 Husbandry
30:15 Forging
32:52 Imperial Age
32:02 Chain Barding Armor
32:38 Iron Casting
34:23 Plate Barding Armor
34:22 Conscription
35:32 Logistica
38:34 Capped Ram
39:52 Siege Ram
43:07 Ballistics
42:49 Padded Archer Armor
43:03 Fletching
42:53 Elite Skirmisher
43:56 Leather Archer Armor
44:43 Chemistry
44:51 Bodkin Arrow
45:32 Ring Archer Armor
49:33 Bombard Tower
51:33 Bracer
52:19 Thumb Ring
51:35 Crossbowman
52:27 Arbalester
Mich
5:17 Loom
11:39 Feudal Age
18:36 Castle Age
17:08 Scale Mail Armor
17:15 Scale Barding Armor
17:21 Forging
17:28 Bloodlines
17:28 Gold Mining
19:49 Double-Bit Axe
20:45 Chain Barding Armor
20:10 Horse Collar
29:16 Husbandry
31:20 Iron Casting
32:43 Bow Saw
33:43 Wheelbarrow
33:31 Thumb Ring
34:08 Kshatriyas
34:53 Light Cavalry
36:17 Scale Mail Armor
41:56 Hand Cart
43:06 Gold Shaft Mining
42:31 Heavy Plow
45:34 Imperial Age
46:52 Elite Shrivamsha Rider
48:11 Plate Barding Armor
50:52 Chain Mail Armor
55:40 Conscription
58:14 Elite Skirmisher
62:01 Hussar
63:55 Plate Mail Armor
63:16 Fletching
Tattico87
8:35 Loom
10:34 Feudal Age
12:03 Double-Bit Axe
17:55 Castle Age
16:42 Stone Mining
19:09 Bow Saw
19:31 Horse Collar
22:28 Scale Mail Armor
23:06 Heavy Plow
26:33 Forging
28:19 Chain Mail Armor
30:47 Wheelbarrow
33:41 Imperial Age
31:23 Scale Barding Armor
32:33 Hand Cart
32:55 Gold Mining
33:47 Stone Shaft Mining
34:01 Iron Casting
33:17 Fletching
33:27 Padded Archer Armor
35:25 Chemistry
34:45 Ballistics
36:00 Blast Furnace
36:13 Two-Man Saw
35:51 Gold Shaft Mining
36:15 Conscription
35:57 Grand Trunk Road
36:40 Bloodlines
36:30 Husbandry
35:51 Heavy Camel Rider
43:53 Leather Archer Armor
43:33 Bodkin Arrow
44:49 Elite Ghulam
48:42 Coinage
48:12 Caravan
48:16 Shatagni
50:51 Grand Trunk Road
51:53 Banking
62:19 Ring Archer Armor
dannythechef
7:43 Loom
11:34 Feudal Age
12:11 Double-Bit Axe
12:09 Horse Collar
16:37 Castle Age
15:21 Gold Mining
16:25 Bloodlines
16:30 Forging
16:27 Stone Mining
19:07 Wheelbarrow
19:04 Bow Saw
21:20 Heavy Plow
26:26 Hand Cart
27:21 Gold Shaft Mining
26:51 Town Watch
29:29 Scale Barding Armor
29:59 Iron Casting
29:27 Husbandry
30:12 Stone Shaft Mining
32:45 Imperial Age
30:47 Chain Barding Armor
32:42 Fletching
32:23 Elite War Elephant
33:26 Conscription
34:03 Plate Barding Armor
34:29 Blast Furnace
34:40 Crop Rotation
35:13 Two-Man Saw
34:47 Bodkin Arrow
53:20 Citadels
56:40 Masonry
Connection lost

Rejoining the realm…

Still unreachable

The connection could not be restored.

Session expired

The server has moved on; the page needs a fresh start.